 Dungeon Crawl Stone Soup version 0.26.1-2-gb8aa6d0cf2 (webtiles) character file.

Game seed: 6693954437258361244

90490 sizableburger the Basher (level 15, 0/156 (157) HPs)
             Began as an Ogre Earth Elementalist on Mar 17, 2021.
             Was the Champion of Jiyva.
             Slain by a wolf spider (16 damage)
             ... on level 2 of the Lair of Beasts.
             The game lasted 02:02:15 (47219 turns).

sizableburger the Basher (Ogre Earth Elementalist) Turns: 47219, Time: 02:02:15

HP:   0/156 (157)   AC: 25    Str: 20    XL:     15   Next: 57%
MP:   0/30          EV:  7    Int: 25    God:    Jiyva [******]
Gold: 1567          SH:  0    Dex: 16    Spells: 15/32 levels left

rFire    + + .     SeeInvis .   C - +4 dire flail
rCold    x . .     Faith    .   (shield currently unavailable)
rNeg     . . .     Spirit   +   N - +5 fire dragon scales
rPois    .         Reflect  .   A - +2 hat of Latol {rElec Int+7 Dex-2}
rElec    +         Harm     .   o - +2 cloak
rCorr    +         Rampage  .   (gloves unavailable)
Will     +....                  (boots unavailable)
Stlth    ..........             f - amulet of guardian spirit
HPRegen  0.36/turn              K - +6 ring of strength
MPRegen  0.22/turn              i - ring of Ywnuloeg {AC+4 Str+4}

@: held, studying Hexes, lightly drained
A: large, unfitting armour, high mp 1, tough skin 1, acidic bite, gelatinous
body 1
}: 1/15 runes: slimy
a: Renounce Religion, Request Jelly, Slimify, Cure Bad Mutation


You were on level 2 of the Lair of Beasts.
You worshipped Jiyva.
Jiyva was exalted by your worship.
You visited 6 branches of the dungeon, and saw 27 of its levels.
You also visited: Sewer and Gauntlet.

You collected 1758 gold pieces.
You spent 191 gold pieces at shops.

Inventory:

Hand Weapons
 j - a +0 dagger
 r - a +0 mace
 C - a +4 dire flail (weapon)
Missiles
 b - 402 stones
 w - 4 throwing nets
Armour
 o - a +2 cloak (worn)
 A - the +2 hat of Latol (worn) {rElec Int+7 Dex-2}
   (You acquired it on level 8 of the Dungeon)

   It affects your intelligence (+7).
   It affects your dexterity (-2).
   It insulates you from electricity.
 D - a +2 robe of the Archmagi
 N - +5 fire dragon scales (worn)
Jewellery
 f - an amulet of guardian spirit (around neck)
 i - the ring of Ywnuloeg (right hand) {AC+4 Str+4}
   (You found it in a Gauntlet)

   [ring of protection]

   It affects your AC (+4).
   It affects your strength (+4).
 q - a +6 ring of dexterity
 x - an uncursed ring of protection from fire
 K - a +6 ring of strength (left hand)
Wands
 g - a wand of random effects (13)
 n - a wand of polymorph (13)
 t - a wand of enslavement (5)
 y - a wand of digging (6)
 z - a wand of disintegration (20)
 I - a wand of acid (9)
Scrolls
 c - a scroll of torment
 l - 4 scrolls of remove curse
 p - 4 scrolls of noise
 u - a scroll of identify
 v - 2 scrolls of fog
 L - 6 scrolls of amnesia
Potions
 d - 4 potions of mutation
 e - 3 potions of might
 h - 5 potions of attraction
 k - 8 potions of flight
 s - 3 potions of haste
 F - 2 potions of brilliance
 H - a potion of magic
 J - 2 potions of degeneration {unknown}
Books
 G - a manual of Hexes
Miscellaneous
 a - a condenser vane (inert)
 Q - a phantom mirror


   Skills:
 - Level 12.2 Fighting
 + Level 13.6 Maces & Flails
 + Level 4.6 Armour
 - Level 9.0 Dodging
 - Level 1.4 Stealth
 - Level 9.1 Spellcasting
 - Level 3.0 Conjurations
 + Level 1.0 Hexes
 - Level 2.0 Translocations
 - Level 8.0 Transmutations
 - Level 9.1 Earth Magic
 + Level 7.1 Evocations


You had 15 spell levels left.
You knew the following spells:

 Your Spells              Type           Power        Failure   Level
a - Sandblast             Erth           100%         1%          1
b - Stone Arrow           Conj/Erth      82%          4%          3
c - Petrify               Tmut/Erth      53%          5%          4
d - Passwall              Tmut/Erth      44%          1%          2
e - Lee's Rapid Deconstr  Erth           27%          12%         5
f - Blink                 Tloc           N/A          12%         2

Your spell library contained the following spells:

 Spells                   Type           Power        Failure   Level
 Magic Dart               Conj           100%         5%          1
 Searing Ray              Conj           52%          8%          2
 Corona                   Hex            17%          12%         1
 Freeze                   Ice            44%          19%         1
 Summon Small Mammal      Summ           44%          19%         1
 Slow                     Hex            16%          19%         2
 Leda's Liquefaction      Hex/Erth       18%          22%         4
 Dazzling Flash           Conj/Hex       42%          24%         3
 Gell's Gravitas          Tloc           10%          24%         3
 Call Imp                 Summ           11%          26%         2
 Conjure Flame            Conj/Fire      18%          28%         3
 Portal Projectile        Hex/Tloc       38%          28%         3
 Confusing Touch          Hex            16%          34%         3
 Mephitic Cloud           Conj/Pois/Air  16%          34%         3
 Inner Flame              Hex/Fire       14%          41%         3
 Summon Guardian Golem    Hex/Summ       14%          41%         3
 Call Canine Familiar     Summ           11%          47%         3
 Iskenderun's Mystic Bla  Conj/Tloc      23%          54%         4
 Fulminant Prism          Conj/Hex       10%          61%         4
 Yara's Violent Unravell  Hex/Tmut       17%          61%         5
 Cause Fear               Hex            8%           75%         4
 Summon Ice Beast         Ice/Summ       11%          87%         4
 Summon Lightning Spire   Summ/Air       11%          87%         4
 Metabolic Englaciation   Hex/Ice        7%           99%         5


Dungeon Overview and Level Annotations

Branches:
Dungeon (12/15)            Temple (1/1) D:7            Lair (6/6) D:11
 Shoals (0/4) Lair:4       Spider (1/4) Lair:2        Slime (5/5) Lair:5
    Orc (2/2) D:10            Elf (0/3) Orc:2         Sewer (visited)
Gauntlet (visited)

Altars:
Ashenzari
Cheibriados
Dithmenos
Elyvilon
Fedhas
Gozag
Hepliaklqana
Kikubaaqudgha
Makhleb
Nemelex Xobeh
Okawaru
Qazlal
Ru
Sif Muna
Trog
Uskayaw
Vehumet
Wu Jian
Xom
Yredelemnul
Zin
The Shining One
Jiyva

Shops:
D:5 !   D:8 =   Orc:2 (*[

Portals:
Trove: D:11 (give 6 scrolls of fog)

Annotations:
D:7 5 runed translucent doors
D:11 2 transporters, SirTuna's ghost, journeyman HuFi
Spider:1 Jorgrun
Slime:5 Royal Jelly


Innate Abilities, Weirdness & Mutations

You are too large for most types of armour.
You have tough skin. (AC +1)
You have an increased reservoir of magic. (+10% MP)
You have acidic saliva.
Your rubbery body absorbs attacks. (AC +1, EV +1)


Message History

Okay, then.
Okay, then.
Okay, then.
Okay, then.
Casting: Petrify (mildly dangerous; 5% risk of failure)
Confirm with . or Enter, or press ? or * to list all spells.
You blink.
Casting: Blink (safe; 12% risk of failure)
Confirm with . or Enter, or press ? or * to list all spells.
You blink.
You are caught in the web!
Okay, then.
Clouds of poison gas condense around you!
The condenser dries out!
The wolf spider is engulfed in poison gas.
The wolf spider is poisoned.
The wolf spider hits you but does no damage.
The wolf spider bites you but does no damage.
The wolf spider is engulfed in poison gas.
The wolf spider looks even sicker.
The wolf spider hits you!!
You die...

..##.#P....P..P###.##..#####
...#....##.##### #.#####
........##..# #.P...##
....####.#..## #......##
....## ##...P# ##.....P#
.÷...# #....## ##.....##
P....# #.....# ##.^.####
....#####.....###.^.##
#.....#.......#§@§^^#
....#........##§s§^##
#...###...#.##§§§§.# #####
###.###...^.## # ### #.>..##
# #...## #.### ###


You could see a wolf spider (berserk, very poisoned).

Vanquished Creatures
  An acid blob (Lair:5)
  A minotaur (Gauntlet)
  A dire elephant (Lair:6)
  2 ettins
  A fire dragon (Lair:6)
  9 hydras
  Harold (Orc:1)
  A catoblepas (Lair:6)
  10 two-headed ogres
  Erica (D:10)
  2 ogre magi (Orc:2)
  Sonja (D:10)
  2 deep trolls
  A swamp dragon (Lair:6)
  3 lindwurms (Lair:6)
  A large abomination (Gauntlet)
  An orc knight (Orc:1)
  A deep elf mage (D:12)
  3 cyclopes (Orc:2)
  4 manticores
  An oklob plant (Lair:3)
  2 orc sorcerers (Orc:1)
  4 black mambas
  2 centaur zombies
  15 elephants
  Joseph (Lair:1)
  An apocalypse crab (Gauntlet)
  A smoke demon (Gauntlet)
  2 centaur skeletons
  12 komodo dragons
  17 cane toads
  5 rime drakes
  A red devil (Gauntlet)
  9 blink frogs
  7 polar bears
  12 trolls
  3 jumping spiders
  Sigmund (D:3)
  2 wraiths
  4 redbacks (Spider:1)
  4 basilisks
  Eustachio (D:5)
  38 yaks
  2 tarantellas (Spider:1)
  5 wyverns
  3 steam dragons
  4 wargs
  A soldier ant (D:12)
  An acid dragon (Lair:6)
  11 water moccasins
  Duvessa (D:4)
  22 orc warriors
  2 sky beasts
  2 swamp drakes (Lair:6)
  3 black bears
  3 eyes of draining
  3 ice beasts
  A necrophage (D:9)
  10 centaurs
  19 ogres
  2 phantoms (D:9)
  16 wolves
  19 bullfrogs
  2 big kobolds
  2 wyvern zombies
  A wyvern skeleton (D:12)
  5 scorpions
  Dowan (D:4)
  9 killer bees
  12 wights
  9 howler monkeys
  3 electric eels (D:11)
  4 crimson imps (Gauntlet)
  3 bullfrog zombies
  7 hounds
  20 orc priests
  3 jellies
  Crazy Yiuf (D:4)
  2 bullfrog skeletons
  30 orc wizards
  4 iguanas
  A merfolk siren (Sewer)
  A merfolk avatar (Sewer)
  6 worker ants
  A mummy (D:7)
  2 worker ant zombies (D:10)
  Robin (D:4)
  3 gnolls (D:9)
  9 adders
  A howler monkey skeleton (D:5)
  3 river rats (Sewer)
  A shadow imp (D:6)
  2 white imps
  An ooze (D:2)
  An adder skeleton (D:5)
  2 worms (D:5)
  The ghost of axecop the Sneak, a weakling NaDe (D:8)
  2 dart slugs
  4 leopard geckos
  111 orcs
  10 giant cockroaches
  13 goblins
  6 hobgoblins
  14 jackals
  6 quokkas
  4 ball pythons
  10 bats
  13 frilled lizards
  14 kobolds
  2 leopard gecko zombies (D:5)
  24 rats
  10 bushes (Lair:3)
719 creatures vanquished.

Vanquished Creatures (others)
  A deep elf mage (D:12)
  A rime drake (Lair:6)
  2 yaks (Lair:6)
  2 basilisks (Lair:6)
  2 water moccasins (Lair:6)
  2 ogres (Orc:2)
  39 jellies
  An orc wizard (Orc:2)
  2 iguanas
  An adder (D:12)
  An orc (D:3)
  A kobold (D:12)
  24 demonic plants (Gauntlet)
  107 fungi
  136 plants
  12 toadstools (Lair:3)
334 creatures vanquished.

Grand Total: 1053 creatures vanquished

Notes
Turn   | Place    | Note
-------+----------+-------------------------------------------
     0 | D:1      | sizableburger the Ogre Earth Elementalist began the quest
                  | for the Orb.
     0 | D:1      | Reached XP level 1. HP: 16/16 MP: 3/3
   332 | D:1      | Reached XP level 2. HP: 24/24 MP: 0/5
   927 | D:2      | Reached skill level 1 in Fighting
   990 | D:2      | Reached XP level 3. HP: 33/33 MP: 3/6
  1285 | D:2      | Found a sparkling altar of Nemelex Xobeh.
  1656 | D:2      | Learned a level 3 spell: Stone Arrow
  1998 | D:3      | Reached XP level 4. HP: 40/42 MP: 5/7
  2032 | D:3      | Found a bloodstained altar of Trog.
  2712 | D:3      | Reached skill level 1 in Conjurations
  2712 | D:3      | Reached skill level 1 in Transmutations
  3071 | D:2      | Reached XP level 5. HP: 50/50 MP: 4/8
  3121 | D:2      | Reached skill level 1 in Maces & Flails
  3915 | D:3      | Found a radiant altar of Vehumet.
  3976 | D:3      | Found a faded altar of an unknown god.
  3978 | D:3      | Noticed Sigmund
  4605 | D:3      | Found a shimmering blue altar of Sif Muna.
  4617 | D:3      | Reached XP level 6. HP: 61/61 MP: 5/9
  4678 | D:3      | Identified Sif Muna's Incunabulum of the Snowflakes
  5307 | D:3      | Reached skill level 2 in Maces & Flails
  5486 | D:3      | Killed Sigmund
  5487 | D:3      | Reached XP level 7. HP: 70/70 MP: 5/10
  5596 | D:4      | Found an ornate altar of the Wu Jian Council.
  5883 | D:4      | Found a hazy altar of Hepliaklqana.
  5932 | D:4      | Noticed Robin
  5938 | D:4      | Killed Robin
  6013 | D:4      | Found a runed translucent door.
  6014 | D:4      | Noticed Crazy Yiuf
  6046 | D:4      | Killed Crazy Yiuf
  6250 | D:4      | Learned a level 4 spell: Petrify
  6812 | D:4      | Noticed Dowan
  6828 | D:4      | Killed Dowan
  6858 | D:4      | Noticed Duvessa
  6884 | D:4      | Killed Duvessa
  6885 | D:4      | Reached skill level 5 in Fighting
  6885 | D:4      | Reached skill level 3 in Maces & Flails
  7103 | D:5      | Entered Level 5 of the Dungeon
  7376 | D:5      | Reached XP level 8. HP: 81/81 MP: 11/11
  7393 | D:5      | Noticed Eustachio
  7410 | D:5      | Killed Eustachio
  7915 | D:5      | Reached skill level 4 in Maces & Flails
  8607 | D:5      | Found Urheezeo's Distillery.
  8614 | D:5      | Bought a potion of heal wounds for 55 gold pieces
  8814 | D:6      | Found a glowing drain.
  8831 | Sewer    | Entered a sewer
  9716 | D:6      | Found a glowing silver altar of Zin.
 10055 | D:6      | Found an opulent altar of Gozag.
 10245 | D:6      | Found a shadowy altar of Dithmenos.
 10266 | D:6      | Reached XP level 9. HP: 87/93 MP: 10/12
 10489 | D:6      | Reached skill level 5 in Transmutations
 10637 | D:7      | Reached skill level 5 in Maces & Flails
 10834 | D:7      | Found a runed translucent gate.
 10836 | D:7      | Found a runed translucent gate.
 10836 | D:7      | Found a runed translucent gate.
 10845 | D:7      | Found a runed translucent door.
 10854 | D:7      | Found the +9 staff of Olgreb {rPois∞}
 10872 | D:7      | Found a runed translucent door.
 10896 | D:7      | Reached skill level 5 in Earth Magic
 11260 | D:7      | Found a staircase to the Ecumenical Temple.
 11715 | D:7      | Found a stormy altar of Qazlal.
 12379 | D:7      | Found a snail-covered altar of Cheibriados.
 12469 | D:7      | Learned a level 2 spell: Passwall
 12538 | Temple   | Entered the Ecumenical Temple
 13232 | D:7      | Reached skill level 6 in Maces & Flails
 13566 | D:8      | Noticed axecop's ghost (weakling NaDe)
 13636 | D:8      | Reached skill level 5 in Spellcasting
 13661 | D:8      | Reached XP level 10. HP: 105/107 MP: 17/17
 13947 | D:8      | Found Fomu's Jewellery Emporium.
 14150 | D:8      | Found a runed translucent door.
 15012 | D:8      | Killed axecop's ghost
 15116 | D:9      | Identified a scroll of acquirement
 15123 | D:8      | Reached skill level 10 in Fighting
 15795 | D:8      | Reached skill level 7 in Maces & Flails
 15808 | D:8      | Acquired the +2 hat of Latol {rElec Int+7 Dex-2}
 16149 | D:8      | Learned a level 5 spell: Lee's Rapid Deconstruction
 17306 | D:9      | Noticed a two-headed ogre
 17330 | D:9      | Killed a two-headed ogre
 17675 | D:9      | Noticed a four-headed hydra
 18583 | D:10     | Entered Level 10 of the Dungeon
 19129 | D:10     | Reached XP level 11. HP: 111/117 MP: 21/21
 19460 | D:10     | Noticed Sonja
 19492 | D:10     | Killed Sonja
 19493 | D:10     | Reached skill level 8 in Maces & Flails
 19852 | D:10     | Found a staircase to the Orcish Mines.
 20556 | D:11     | Noticed a two-headed ogre
 20568 | D:11     | Killed a two-headed ogre
 21464 | D:11     | Found a staircase to the Lair.
 21808 | D:11     | Found a portal to a secret trove of treasure.
 21843 | D:11     | Noticed a stone giant
 21843 | D:11     | Noticed a cyclops
 21847 | D:11     | Noticed SirTuna's ghost (journeyman HuFi)
 21855 | D:11     | Found a transporter.
 22071 | D:11     | Found a transporter.
 22304 | D:11     | Noticed a two-headed ogre
 22316 | D:11     | Killed a two-headed ogre
 22317 | D:11     | Reached skill level 9 in Maces & Flails
 23036 | D:9      | Killed a four-headed hydra
 23037 | D:9      | Reached XP level 12. HP: 69/130 MP: 6/25
 23359 | Lair:1   | Entered Level 1 of the Lair of Beasts
 24375 | Lair:1   | Noticed a five-headed hydra
 24402 | Lair:1   | Killed a five-headed hydra
 25053 | Lair:1   | Noticed Joseph
 25074 | Lair:1   | Killed Joseph
 25118 | Lair:1   | HP: 6/130 [cane toad (7)]
 25479 | Lair:1   | Reached skill level 1 in Evocations
 25759 | Lair:2   | Found a gate leading to a gauntlet.
 25801 | Gauntlet | Entered a Gauntlet
 25801 | Gauntlet | Found a transporter.
 25801 | Gauntlet | Found a transporter.
 25807 | Gauntlet | Found a transporter.
 25809 | Gauntlet | Found a transporter.
 25821 | Gauntlet | Reached skill level 10 in Maces & Flails
 25821 | Gauntlet | Reached skill level 5 in Dodging
 25962 | Gauntlet | Noticed a death ooze
 25962 | Gauntlet | Noticed a death scarab
 25971 | Gauntlet | Found a transporter.
 26007 | Gauntlet | Found a transporter.
 26086 | Gauntlet | Found a transporter.
 26141 | Gauntlet | Found a transporter.
 26151 | Gauntlet | Found a transporter.
 26156 | Gauntlet | Found a transporter.
 26156 | Gauntlet | Noticed a cacodemon
 26159 | Gauntlet | Got a coiled turquoise ring
 26301 | Gauntlet | Identified the ring of Ywnuloeg {AC+4 Str+4} (You found it
                  | in a Gauntlet)
 26377 | Gauntlet | Identified the cursed +1 rapier "Fuerphugh" {holy, rN+
                  | Dex+3}
 26377 | Gauntlet | Noticed a minotaur
 26381 | Gauntlet | Killed a minotaur
 26939 | Lair:2   | Reached XP level 13. HP: 66/137 MP: 5/26
 28334 | Lair:2   | Found a hole to the Spider Nest.
 29144 | Lair:3   | Found a blossoming altar of Fedhas.
 30243 | Lair:3   | Found a sacrificial altar of Ru.
 31293 | Lair:4   | Reached skill level 11 in Maces & Flails
 32347 | Lair:4   | Reached skill level 5 in Evocations
 32694 | Lair:4   | Found a staircase to the Shoals.
 33481 | Lair:5   | Learned a level 2 spell: Blink
 34017 | Lair:5   | Reached skill level 1 in Translocations
 34840 | Lair:5   | Found a runed translucent door.
 34840 | Lair:5   | Found a viscous altar of Jiyva.
 34841 | Lair:5   | Found a staircase to the Slime Pits.
 34841 | Lair:5   | Noticed an acid blob
 34841 | Lair:5   | Noticed an acid blob
 35718 | Lair:5   | Killed an acid blob
 35719 | Lair:5   | Reached XP level 14. HP: 122/149 MP: 2/27
 35866 | Lair:5   | Became a worshipper of Jiyva Jigeps the Shapeless
 35870 | Slime:1  | Entered Level 1 of the Pits of Slime
 35870 | Slime:1  | Noticed an acid blob
 35875 | Slime:1  | Noticed an acid blob
 35891 | Slime:1  | Noticed an azure jelly
 35906 | Slime:2  | Noticed an acid blob
 35925 | Slime:2  | Noticed an acid blob
 35939 | Slime:2  | Noticed an acid blob
 35992 | Slime:2  | Noticed an acid blob
 36152 | Slime:1  | Noticed an azure jelly
 36152 | Slime:1  | Noticed an acid blob
 36157 | Slime:1  | Noticed an acid blob
 36262 | Slime:1  | Noticed an azure jelly
 36377 | Slime:3  | Noticed an azure jelly
 36452 | Slime:3  | Noticed an acid blob
 36464 | Slime:3  | You fall into a shaft and drop 1 floor!
 36464 | Slime:4  | Noticed an azure jelly
 36469 | Slime:5  | Entered Level 5 of the Pits of Slime
 36469 | Slime:5  | Noticed an acid blob
 36484 | Slime:5  | Noticed the Royal Jelly
 36497 | Slime:5  | Noticed an acid blob
 36501 | Slime:5  | Found a viscous altar of Jiyva.
 36501 | Slime:5  | Noticed an acid blob
 36501 | Slime:5  | Noticed an acid blob
 36502 | Slime:5  | Noticed an acid blob
 36720 | Lair:6   | Entered Level 6 of the Lair of Beasts
 37166 | Lair:6   | Reached skill level 12 in Maces & Flails
 37583 | Lair:6   | Reached * piety under Jiyva
 39133 | Lair:6   | Reached ** piety under Jiyva
 40807 | Lair:6   | Reached *** piety under Jiyva
 40835 | Lair:6   | Noticed a dire elephant
 40855 | Lair:6   | Gained mutation: You have a somewhat thin skeletal
                  | structure. (Dex +2, Stealth) [Jiyva's grace]
 40863 | Lair:6   | Killed a dire elephant
 40913 | Lair:6   | Reached **** piety under Jiyva
 41926 | Orc:1    | Entered Level 1 of the Orcish Mines
 41926 | Orc:1    | Noticed Erica
 41998 | Orc:1    | Noticed Harold
 42015 | Orc:1    | Killed Harold
 42030 | D:10     | Killed Erica
 42031 | D:10     | Reached skill level 1 in Armour
 42562 | Orc:1    | Reached skill level 13 in Maces & Flails
 42946 | Orc:1    | Gained mutation: You are covered in fur. (AC +1) [Jiyva's
                  | grace]
 42981 | Orc:1    | Gained mutation: You have acidic saliva. [Jiyva's grace]
 43023 | Orc:1    | Reached ***** piety under Jiyva
 43025 | Orc:1    | Gained mutation: You are partially covered in iridescent
                  | scales. (AC +2) [Jiyva's grace]
 43046 | Orc:2    | Entered Level 2 of the Orcish Mines
 43069 | Orc:2    | Reached XP level 15. HP: 155/157 MP: 28/28
 43347 | Orc:1    | Gained mutation: You are covered in slimy tendrils that may
                  | disarm your opponents. [Jiyva's grace]
 43418 | Orc:2    | Lost mutation: You are covered in slimy tendrils that may
                  | disarm your opponents. [Jiyva's grace]
 43423 | Orc:2    | Reached ****** piety under Jiyva
 43428 | Orc:2    | Gained mutation: Your system is resistant to poisons.
                  | (rPois) [Jiyva's grace]
 43440 | Orc:2    | Lost mutation: You are covered in fur. (AC +1) [Jiyva's
                  | grace]
 43561 | Orc:2    | Lost mutation: You are partially covered in iridescent
                  | scales. (AC +2) [Jiyva's grace]
 44494 | Orc:1    | Gained mutation: You have large cloven feet. [Jiyva's
                  | grace]
 44796 | Orc:2    | Found a staircase to the Elven Halls.
 44855 | Orc:2    | Found Cees Omm's General Store.
 45215 | Orc:2    | Lost mutation: You have acidic saliva. [Jiyva's grace]
 45253 | Orc:2    | Found Seokhij's Weapon Shop.
 45256 | Orc:2    | Bought a potion of curing for 39 gold pieces
 45256 | Orc:2    | Bought a scroll of blinking for 97 gold pieces
 45281 | Orc:2    | Found Olutouth's Armour Shoppe.
 45297 | Orc:2    | Found Niocai Yloq's Distillery.
 45605 | D:10     | Gained mutation: You are surrounded by a mild repulsion
                  | field. (EV +2) [Jiyva's grace]
 45905 | D:11     | Gained mutation: You have acidic saliva. [Jiyva's grace]
 46064 | D:12     | Gained mutation: You have an increased reservoir of magic.
                  | (+10% MP) [Jiyva's grace]
 46135 | D:12     | Lost mutation: Your system is resistant to poisons. (rPois)
                  | [Jiyva's grace]
 46243 | D:12     | Found a shimmering altar of Xom.
 46331 | D:12     | Gained mutation: You passively map a small area around you.
                  | [Jiyva's grace]
 46620 | Slime:5  | Noticed an acid blob
 46624 | Slime:5  | Lost mutation: You passively map a small area around you.
                  | [Jiyva's grace]
 46652 | Slime:5  | Lost mutation: You have a somewhat thin skeletal structure.
                  | (Dex +2, Stealth) [Jiyva's grace]
 46654 | Slime:5  | Got a slimy rune of Zot
 46657 | Slime:5  | Gained mutation: Your rubbery body absorbs attacks. (AC +1,
                  | EV +1) [Jiyva's grace]
 46669 | Slime:5  | Lost mutation: You are surrounded by a mild repulsion
                  | field. (EV +2) [Jiyva's grace]
 46688 | Slime:5  | Got a glimmering mace
 46689 | Slime:5  | Identified the +3 mace of Vat Ejy {vorpal, *Noise +Blink
                  | rPois Will+} (You found it on level 5 of the Pits of Slime)
 46709 | Slime:5  | Lost mutation: You have large cloven feet. [Jiyva's grace]
 46721 | Slime:5  | Noticed an acid blob
 46734 | Slime:5  | Noticed an acid blob
 47132 | Spider:1 | Entered Level 1 of the Spider Nest
 47199 | Spider:1 | Reached skill level 1 in Hexes
 47213 | Spider:1 | Noticed Jorgrun
 47219 | Lair:2   | Slain by a wolf spider

Illustrated notes

Levels and vault maps discovered:
D:1:      onia_arrival_pyramid, layout_rooms
D:2:      layout_loops_ring, nemelex_xobeh_ov_fountains_minmay,
          grunt_ministairs_7, minmay_tromino_v4_b
D:3:      layout_rooms, lemuel_crystal_altar, old_standard_altar, led_sif_book,
          chequers_ecumenical_altar_island, kennysheep_minor_cross,
          hangedman_decor_points, uniq_sigmund
D:4:      layout_gridville, pdpol_wu_jian_five_deadly_venoms,
          nicolae_overflow_crystal_walls, uniq_duvessa, uniq_robin,
          uniq_crazy_yiuf_cottage
D:5:      layout_gridville, serial_shops, shop, uniq_eustachio
D:6:      layout_basic, pdpol_temple_overflow_zin_treasury_gozag_greed,
          cheibrodos_sewer_entry_sluice, grunt_dithmenos_shadows
D:7:      layout_basic, slow_altar_1, nicolae_qazlal_style_of_elements,
          temple_pool_b, minmay_guarded_unrand_staff_of_olgreb
D:8:      layout_loops_ring, serial_shops, shop, hellmonk_ghost_happy_afterlife,
          kennysheep_path_1
D:9:      layout_loops_ring
D:10:     layout_layer_cave, david_orc_3, uniq_sonja
D:11:     layout_loops_ring, erik_lair_island, enter_trove_3,
          gammafunk_ghost_arena
D:12:     layout_rooms, basic_altar
Temple:   nicolae_temple_hex_pool
Lair:1:   layout_big_grid, uniq_joseph
Lair:2:   layout_misc_corridors, spider_nest_entry_funnel_web,
          gauntlet_entry_generic
Lair:3:   layout_small_grid, basic_altar, grunt_forest_stairs_basic, tgw_fedhas
Lair:4:   layout_roguey, elwin_shoals_entry_rocks
Lair:5:   layout_roguey, slime_altar_2
Lair:6:   guppyfry_lair_end_dragon, layout_layer_cave, hangedman_lair_in_review,
          infiniplex_staircase_pool_2
Spider:1: spider_temple_joshua, nzn_ghost_randoct, uniq_jorgrun
Slime:1:  layout_caves
Slime:2:  layout_caves
Slime:3:  cheibrodos_slime_lost_civilization_3, layout_caves, uniq_dissolution
Slime:4:  layout_caves
Slime:5
Orc:1:    layout_caves, minmay_orc_barracks, uniq_harold, uniq_erica
Orc:2:    st_orc_open, layout_caves

Skill      XL: |  1  2  3  4  5  6  7  8  9 10 11 12 13 14 15 |
---------------+----------------------------------------------+-----
Earth Magic    | 3 4 5 6 7 8 9 |  9.1
Fighting       | 1 2 3 4 5 7 9 10 11 12 | 12.2
Dodging        | 2 3 5 6 9 |  9.0
Conjurations   | 1 2 3 |  3.0
Transmutations | 1 2 3 4 5 6 7 8 |  8.0
Maces & Flails | 1 2 3 4 6 7 9 10 11 13 | 13.6
Spellcasting   | 5 7 9 |  9.1
Evocations     | 2 5 7 |  7.1
Translocations | 2 |  2.0
Armour         | 2 4 |  4.6
Hexes          | 1 |  1.0
Stealth        | |  1.4

Action                   |  1- 3 |  4- 6 |  7- 9 | 10-12 | 13-15 || total
-------------------------+-------+-------+-------+-------+-------++-------
Melee: Unarmed           |     7 |       |       |       |       ||     7
       Dagger            |    46 |       |       |       |       ||    46
       Club              |       |    99 |       |       |       ||    99
       Flail             |       |    51 |   579 |   179 |       ||   809
       Dire flail        |       |       |       |   615 |  1578 ||  2193
       Giant club        |       |       |       |     6 |       ||     6
       Bite              |       |       |       |       |    68 ||    68
       Kick              |       |       |       |       |    94 ||    94
 Cast: Sandblast         |    40 |    49 |    25 |     2 |     1 ||   117
       Stone Arrow       |       |     2 |    12 |     7 |       ||    21
       Petrify           |       |       |    19 |    89 |   161 ||   269
       Lee's Rapid Decon |       |       |       |    22 |    55 ||    77
       Passwall          |       |       |       |       |     2 ||     2
       Blink             |       |       |       |       |     2 ||     2
Invok: Request Jelly     |       |       |       |       |     5 ||     5
Evoke: Wand              |       |       |       |     2 |    16 ||    18
       Condenser vane    |       |       |       |       |     2 ||     2
  Use: Scroll            |       |     7 |    21 |    16 |    16 ||    60
       Potion            |       |     1 |     4 |     4 |    11 ||    20
 Stab: Sleeping          |     2 |     2 |     4 |     2 |     5 ||    15
       Distracted        |       |     1 |     1 |       |     1 ||     3
       Petrified         |       |       |    52 |   171 |   271 ||   494
       Petrifying        |       |       |     3 |    12 |    40 ||    55
Armor: Robe              |    24 |    48 |   249 |   282 |   224 ||   827
       Skin              |       |       |    20 |       |       ||    20
       Fire dragon scale |       |       |       |       |   317 ||   317
Dodge: Dodged            |    38 |   117 |   365 |   415 |   660 ||  1595
